 Dungeon Crawl Stone Soup version 0.30-a0-174-gbc10bd73c2 (webtiles) character file.

Game seed: 10816591560574935017

150304 qw the Severer (level 17, 0/108 HPs)
             Began as a Gargoyle Fighter on Oct 1, 2022.
             Was a High Priest of Okawaru.
             Slain by an orc warrior
             ... wielding a +0 glaive
              (1 damage)
             ... on level 2 of the Orcish Mines.
             The game lasted 00:12:20 (27641 turns).

qw the Severer (Gargoyle Fighter)                  Turns: 27641, Time: 00:12:20

Health: 0/108      AC: 41    Str: 24    XL:     17   Next: 53%
Magic:  24/24      EV: 13    Int: 16    God:    Okawaru [*****.]
Gold:   1774       SH: 13    Dex:  9    Spells: 16/16 levels left

rFire   + . .      SeeInvis .    Y - +4 broad axe (venom)
rCold   . . .      Faith    .    r - +0 kite shield
rNeg    + . .      Spirit   .    C - +0 plate armour
rPois   inf        Reflect  .    e - +1 helmet
rElec   +          Harm     .    b - +2 cloak
rCorr   +          Rampage  +    q - +0 pair of gloves
Will    +++..      Rage     3%   B - +0 pair of boots of Disaster {Regen+}
Stlth   ..........               u - amulet "Ihinuq" {RegenMP Rampage Regen+ rCorr Str-3}
HPRegen 1.98/turn                x - ring "Zurojeme" {rF+ Will+ Int+6}
MPRegen 0.59/turn                w - +4 ring of evasion

@: heroic, flying, unable to read
A: sickness immunity, AC +12, big wings, negative energy resistance 1,
electricity resistance, torment resistance 1, petrification resistance, fangs 1,
berserk 1, strong-willed 1, sense surroundings 1, inability to read after injury
1
a: Renounce Religion, Heroism, Finesse, Duel


You were on level 2 of the Orcish Mines.
You worshipped Okawaru.
Okawaru was extremely pleased with you.
You visited 4 branches of the dungeon, and saw 23 of its levels.

You collected 3525 gold pieces.
You spent 1751 gold pieces at shops.


Innate Abilities, Weirdness & Mutations

You are immune to sickness and miasma.
Your stone body is resilient. (AC +12)
You are immune to poison.
Your large and strong wings let you fly.
You resist negative energy. (rN+)
You are resistant to electric shocks. (rElec)
You are resistant to unholy torment.
You are immune to petrification.
You have very sharp teeth.
You sometimes lose your temper in combat.
You are strong-willed. (Will+)
You passively map a small area around you.
You occasionally lose the ability to read scrolls when taking damage.


   Skills:
 - Level 13.0(18.0) Fighting
 + Level 17.5(22.5) Axes
 - Level 8.7(13.7) Throwing
 - Level 13.0(18.0) Armour
 - Level 3.0(8.0) Dodging
 - Level 13.0(18.0) Shields
 - Level 10.0 Invocations


You had 16 spell levels left.
You didn't know any spells.
Your spell library was empty.

Inventory:

Hand Weapons
 E - a +4 vampiric flail
 Y - a +4 broad axe of venom (weapon)
Missiles
 l - 17 boomerangs
 y - 5 javelins (quivered)
Armour
 b - a +2 cloak (worn)
 e - a +1 helmet (worn)
 j - a +2 chain mail of fire resistance
 p - the +2 pair of gloves "Jeenash" {+Inv rF- Int+2}
   (Okawaru gifted it to you on level 1 of the Lair of Beasts)

   Int:       It affects your intelligence (+2).
   rF:        It makes you vulnerable to fire.
   +Inv:      It lets you turn invisible.
 q - a +0 pair of gloves (worn)
 r - a +0 kite shield (worn)
 s - the +0 pair of boots of Betamut {-Tele Will+ rCorr Str+3}
   (Okawaru gifted it to you on level 15 of the Dungeon)

   Str:       It affects your strength (+3).
   -Tele:     It prevents most forms of teleportation.
   rCorr:     It protects you from acid and corrosion.
   Will:      It increases your willpower.
 B - the +0 pair of boots of Disaster (worn) {Regen+}
   (You acquired it on level 13 of the Dungeon)

   Regen:     It increases your rate of health regeneration.
 C - a +0 plate armour (worn)
 D - a +1 pair of boots
 F - a +3 plate armour of cold resistance
Jewellery
 c - a +4 ring of protection
 g - the ring of Moderation {Will+ rCorr}
   (You took it off a tengu conjurer on level 14 of the Dungeon)

   [ring of willpower]

   rCorr:     It protects you from acid and corrosion.
   Will:      It increases your willpower.
 i - a ring of fire
 o - a ring of protection from cold
 u - the amulet "Ihinuq" (around neck) {RegenMP Rampage Regen+ rCorr Str-3}
   (You found it on level 14 of the Dungeon)

   [amulet of magic regeneration]

   It increases your rate of magic regeneration.
   Str:       It affects your strength (-3).
   Regen:     It increases your rate of health regeneration.
   rCorr:     It protects you from acid and corrosion.
   Rampage:   It bestows one free step when moving towards enemies.
 w - a +4 ring of evasion (right hand)
 x - the ring "Zurojeme" (left hand) {rF+ Will+ Int+6}
   (You acquired it on level 10 of the Dungeon)

   [ring of intelligence]

   Int:       It affects your intelligence (+6).
   rF:        It protects you from fire.
   Will:      It increases your willpower.
Scrolls
 k - 6 scrolls of teleportation
 m - 14 scrolls of identify
Potions
 a - 2 potions of resistance
 d - 4 potions of might
 f - 5 potions of haste
 h - 7 potions of lignification
 n - 5 potions of attraction
 t - 4 potions of curing
 v - 2 potions of cancellation
 A - 3 potions of magic

Dungeon Overview and Level Annotations

Branches:
Dungeon (15/15)            Temple (1/1) D:4            Lair (5/5) D:9
 Shoals (0/4) Lair:3        Snake (0/4) Lair:2        Slime (0/5) Lair:4
    Orc (2/2) D:9             Elf (0/3) Orc:2        Vaults (0/5) D:14
 Depths (0/4) D:15

Altars:
Ashenzari
Cheibriados
Dithmenos
Elyvilon
Fedhas
Gozag
Hepliaklqana
Kikubaaqudgha
Makhleb
Nemelex Xobeh
Okawaru
Qazlal
Ru
Sif Muna
Trog
Uskayaw
Vehumet
Wu Jian
Xom
Yredelemnul
Zin
The Shining One
Jiyva

Shops:
D:3 :   D:15 *(   Orc:2 [

Portals:
Trove: D:12 (give 8 scrolls of fog)

Annotations:
D:2 1 runed translucent door, Crazy Yiuf
D:7 3 runed translucent doors, qw's ghost, novice GrFi
D:8 3 runed translucent doors, qw's ghost, novice GrFi
Orc:1 3 runed translucent doors, Maimakterion's ghost, journeyman GrFi


Message History

An orc priest comes into view. It is wielding a +0 short sword.
You block the orc knight's attack.
The orc warrior hits you from afar with a +0 trident.
You block the orc warrior's attack.
The orc high priest calls down the wrath of Beogh upon you.
Beogh smites you!
The orc warrior hits you but does no damage.
You barely miss the orc knight.
The orc knight is moderately wounded.
You block the orc knight's attack. The orc warrior closely misses you.
The orc warrior barely misses you.
An orc high priest comes into view. It is wielding a +0 dire flail.
The orc high priest invokes the aid of Beogh against you.
Beogh smites you!
The orc warrior hits you but does no damage.
You slash the orc knight!
You bite the orc knight, but do no damage.
The orc knight is heavily wounded.
The orc priest no longer looks unusually strong. x2
The orc knight no longer looks unusually strong.
You slice the orc knight!!
The orc knight looks as sick as possible!
The orc knight is almost dead.
The orc warrior no longer looks unusually strong.
You block the orc knight's attack. The orc warrior closely misses you.
The orc warrior hits you but does no damage.
The orc priest calls down the wrath of Beogh upon you.
Beogh smites you!
The orc high priest prays.
An orc warrior comes into view. It is wielding a +0 glaive.
You block the orc warrior's attack.
You slash the orc knight!
You kill the orc knight!
Okawaru accepts your kill.
The orc warrior no longer looks unusually strong. x3
The orc high priest mumbles some strange prayers to Beogh against you.
Beogh smites you! You block the orc warrior's attack. x2
An orc warrior comes into view. It is wielding a +0 war axe.
The orc warrior hits you from afar with a +0 glaive.
You die...

####### * * , .#
###.....### ...
###.........## , , ... *
##.............# , , .o
###...............
,#.#4#o#)#.#.#.#.#.#.#.#.
oooooo3@)..............)
,o.oooo#)#)..............
,,
..4oo.o.................
#o#4#3#.#.#.#.#.#.#.#.#.
....oo###...............
,..... ##.............# ,
,,...##* ###.........###
, ## ###.....### #######


You could see an orc knight (strong), a soul eater (summoned), 4 orc high
priests, an orange demon (summoned), a hellwing (summoned), a rust devil
(summoned), a neqoxec (summoned), 10 orc warriors, 3 orc priests and an orc
(strong).

Vanquished Creatures
  A fire giant (D:14)
  A frost giant (D:14)
  A dire elephant (Lair:5)
  An ettin (D:14)
  An entropy weaver (shapeshifter) (D:14)
  Harold (D:10)
  2 vault guards (D:14)
  An ogre mage (D:14)
  4 catoblepae
  8 hydras
  Erica (D:8)
  10 centaur warriors
  5 boulder beetles
  A deep troll shaman (Lair:5)
  6 death yaks (Lair:5)
  4 two-headed ogres
  4 tengu warriors
  2 orc high priests
  Urug (Lair:5)
  A vampire mage (D:15)
  13 skeletal warriors
  Lodul (D:13)
  2 flayed ghosts
  A harpy (D:14)
  2 wizards (D:14)
  2 wolf spider zombies (D:14)
  A necromancer (D:15)
  3 orc knights (Orc:2)
  5 deep elf pyromancers
  15 ugly things
  A cyclops (shapeshifter) (D:15)
  2 frost giant zombies (D:15)
  9 cyclopes
  7 manticores
  A centaur zombie (D:14)
  Maurice (D:12)
  7 elephants (Lair:5)
  A black mamba (Lair:4)
  5 cane toads
  3 gargoyles
  4 kobold demonologists
  Psyche (D:8)
  A yaktaur (D:15)
  Maggie (D:7)
  2 efreet (D:14)
  3 freezing wraiths (D:14)
  A guardian mummy (D:15)
  A redback zombie (D:14)
  A rime drake (Lair:3)
  13 komodo dragons
  5 tengu conjurers
  4 meliai (D:14)
  6 polar bears
  6 trolls
  17 slime creatures
  A dream sheep (shapeshifter) (D:14)
  4 dream sheep (Lair:3)
  18 blink frogs
  A snapping turtle (Lair:3)
  2 spriggan skeletons (D:15)
  2 shadows (D:9)
  3 vampires
  A jumping spider (shapeshifter) (D:15)
  A centaur simulacrum (D:13)
  4 wyverns
  A yak (shapeshifter) (D:14)
  6 wraiths
  55 yaks
  4 basilisks
  A steam dragon (D:8)
  A hog (shapeshifter) (D:14)
  10 humans (D:14)
  11 vampire mosquitoes
  Edmund (D:4)
  7 nagas (Lair:2)
  9 wargs
  A two-headed ogre zombie (D:9)
  Duvessa (D:7)
  18 water moccasins
  2 hell hounds (D:11)
  27 orc warriors
  An ice beast (D:5)
  7 black bears
  A sky beast (D:7)
  2 black bears (shapeshifter) (D:14)
  25 wolves
  13 ogres
  7 centaurs
  A boggart (shapeshifter) (D:14)
  2 phantoms
  9 kobold brigands
  Blork the orc (D:4)
  5 gnoll sergeants (D:11)
  7 bullfrogs
  A necrophage (D:7)
  2 scorpions
  8 wights (D:8)
  Dowan (D:7)
  11 killer bees
  4 electric eels
  9 howler monkeys
  7 gnoll boudas
  2 hounds (D:6)
  23 orc priests
  2 jellies (D:5)
  Natasha (thrice) (D:2)
  2 iguanas
  A boggart zombie (D:14)
  28 orc wizards
  7 ogre zombies (D:9)
  5 gnolls
  10 adders
  3 white imps
  An ufetubus (D:6)
  A worm (D:2)
  A dart slug (D:5)
  80 orcs
  5 endoplasms
  2 giant cockroaches (D:1)
  4 goblins
  4 hobgoblins
  4 jackals (D:1)
  2 quokkas
  7 ball pythons
  11 bats
  A frilled lizard (D:1)
  A goblin skeleton (D:9)
  4 goblin zombies (D:9)
  A hobgoblin skeleton (D:9)
  3 hobgoblin zombies (D:9)
  23 kobolds
  8 orc skeletons (D:9)
  8 orc zombies (D:9)
  4 rats
781 creatures vanquished.

Vanquished Creatures (others)
  30 fungi
  90 plants
  10 withered plants
130 creatures vanquished.

Grand Total: 911 creatures vanquished

Notes
Turn   | Place    | Note
-------+----------+-------------------------------------------
     0 | D:1      | qw the Gargoyle Fighter began the quest for the Orb.
     0 | D:1      | Reached XP level 1. HP: 14/14 MP: 1/1
     0 | D:1      | 0 ||| qw: Version: 0.2-a-13-gfc7b4b4
     0 | D:1      | 0 ||| qw: Game counter: 1953
     0 | D:1      | 0 ||| qw: Always use a shield: true
     0 | D:1      | 0 ||| qw: God list: Okawaru
     0 | D:1      | 0 ||| qw: Allow faded altars: false
     0 | D:1      | 0 ||| qw: Do Orc after D:15 true
     0 | D:1      | 0 ||| qw: Do second Lair branch before Depths: true
     0 | D:1      | 0 ||| qw: Lair rune preference: random
     0 | D:1      | 0 ||| qw: Plans: Normal, Zot:1-4, God:TSO, Crypt, Tomb,
                  | Pan, Slime:5, Hells, Abyss, Orb
     0 | D:1      | 0 ||| PLANNING D:1-11
    72 | D:1      | Reached skill level 2 in Axes
   106 | D:1      | 106 ||| Stepping ~*~*~tactically~*~*~ (stealth).
   108 | D:1      | 108 ||| Stepping ~*~*~tactically~*~*~ (stealth).
   111 | D:1      | 111 ||| Stepping ~*~*~tactically~*~*~ (stealth).
   122 | D:1      | 122 ||| Stepping ~*~*~tactically~*~*~ (stealth).
   156 | D:1      | Reached XP level 2. HP: 19/19 MP: 2/2
   470 | D:1      | Reached skill level 3 in Axes
   470 | D:1      | Reached XP level 3. HP: 17/23 MP: 3/3
   675 | D:1      | 675 ||| READING scroll labelled NILLUZAUMM.
   690 | D:1      | 690 ||| READING scroll labelled TISMAA RUDD.
   691 | D:1      | 691 ||| READING scroll labelled GOBAAFEFOV.
   746 | D:2      | 746 ||| STAIRDANCE
   753 | D:2      | 753 ||| STAIRDANCE
   806 | D:2      | Noticed Natasha
   813 | D:2      | Killed Natasha
   814 | D:2      | Reached XP level 4. HP: 28/28 MP: 4/4
   875 | D:2      | Noticed Natasha
   876 | D:2      | 876 ||| Stepping ~*~*~tactically~*~*~ (stealth).
   878 | D:2      | 878 ||| Stepping ~*~*~tactically~*~*~ (hiding).
   884 | D:2      | Killed Natasha
   885 | D:2      | Reached skill level 4 in Axes
  1036 | D:2      | Noticed Natasha
  1037 | D:2      | 1037 ||| Stepping ~*~*~tactically~*~*~ (stealth).
  1045 | D:2      | 1045 ||| Stepping ~*~*~tactically~*~*~ (hiding).
  1053 | D:2      | Killed Natasha
  1217 | D:2      | Found a runed translucent door.
  1218 | D:2      | Noticed Crazy Yiuf
  1267 | D:2      | Reached XP level 5. HP: 30/32 MP: 5/5
  1747 | D:2      | 1747 ||| UPGRADING to +0 chain mail.
  1757 | D:2      | 1757 ||| DROPPING +0 scale mail.
  1758 | D:2      | 1758 ||| DRINKING 2 bubbling yellow potions.
  1868 | D:3      | 1868 ||| Stepping ~*~*~tactically~*~*~ (stealth).
  1927 | D:3      | Found a hide-covered altar of Uskayaw.
  2036 | D:3      | Reached skill level 5 in Axes
  2306 | D:3      | Found a faded altar of an unknown god.
  2329 | D:3      | Found Tigyuck's Book Boutique.
  2332 | D:3      | 2332 ||| Stepping ~*~*~tactically~*~*~ (stealth).
  2342 | D:3      | Reached XP level 6. HP: 37/38 MP: 6/6
  2540 | D:3      | 2540 ||| UPGRADING to +1 cloak.
  2545 | D:3      | 2545 ||| UPGRADING to +4 ring of evasion.
  2546 | D:3      | 2546 ||| READING scroll labelled COEZIJ LAON.
  2550 | D:3      | 2550 ||| READING scroll labelled UWALUU IHOZ.
  2551 | D:3      | 2551 ||| DRINKING 3 glowing blue potions.
  2552 | D:3      | 2552 ||| READING 2 scrolls of identify.
  2552 | D:3      | 2552 ||| IDENTIFYING metallic sapphire potion
  2553 | D:3      | 2553 ||| DROPPING 2 potions of degeneration.
  2591 | D:4      | Found a staircase to the Ecumenical Temple.
  2592 | D:4      | 2592 ||| PLANNING TEMPLE
  2592 | D:4      | 2592 ||| FLEEEEING.
  2593 | D:4      | 2593 ||| FLEEEEING.
  2594 | D:4      | 2594 ||| FLEEEEING.
  2595 | D:4      | 2595 ||| FLEEEEING.
  2596 | D:4      | 2596 ||| FLEEEEING.
  2597 | D:4      | 2597 ||| FLEEEEING.
  2598 | D:4      | 2598 ||| FLEEEEING.
  2599 | D:4      | 2599 ||| FLEEEEING.
  2600 | D:4      | 2600 ||| FLEEEEING.
  2601 | D:4      | 2601 ||| STAIRDANCE
  2607 | D:4      | 2607 ||| STAIRDANCE
  2627 | Temple   | Entered the Ecumenical Temple
  2667 | Temple   | 2667 ||| PLANNING OKAWARU WORSHIP
  2812 | Temple   | Became a worshipper of Warmaster Okawaru
  2813 | Temple   | 2813 ||| PLANNING D:1-11
  2876 | D:4      | Noticed Blork the orc
  2877 | D:4      | 2877 ||| Stepping ~*~*~tactically~*~*~ (hiding).
  2879 | D:4      | 2879 ||| Stepping ~*~*~tactically~*~*~ (hiding).
  2880 | D:4      | 2880 ||| Stepping ~*~*~tactically~*~*~ (hiding).
  2893 | D:4      | Killed Blork the orc
  2909 | D:4      | 2909 ||| Stepping ~*~*~tactically~*~*~ (stealth).
  2910 | D:4      | 2910 ||| Stepping ~*~*~tactically~*~*~ (stealth).
  2911 | D:4      | 2911 ||| Stepping ~*~*~tactically~*~*~ (stealth).
  3024 | D:4      | 3024 ||| Stepping ~*~*~tactically~*~*~ (hiding).
  3028 | D:4      | 3028 ||| Stepping ~*~*~tactically~*~*~ (hiding).
  3165 | D:4      | Reached skill level 6 in Axes
  3259 | D:4      | 3259 ||| Stepping ~*~*~tactically~*~*~ (stealth).
  3325 | D:4      | 3325 ||| DROPPING +0 flail.
  3440 | D:4      | Reached XP level 7. HP: 38/43 MP: 7/7
  3606 | D:4      | Noticed Edmund
  3630 | D:4      | Killed Edmund
  3630 | D:4      | Reached * piety under Okawaru
  3652 | D:4      | 3652 ||| DROPPING +2 flail of pain.
  3746 | D:4      | 3746 ||| DROPPING ring of flight.
  3747 | D:4      | 3747 ||| READING scroll labelled ADUTIU ADOMUNN.
  3748 | D:4      | 3748 ||| READING scroll labelled XEAFIMO ZITEINT.
  3749 | D:4      | 3749 ||| READING scroll labelled OKYUCH WESHETZ.
  3750 | D:4      | 3750 ||| DRINKING 2 brown potions.
  3750 | D:4      | Gained mutation: You are clumsy. (Dex -2) [potion of
                  | mutation]
  3750 | D:4      | Gained mutation: You sometimes lose your temper in combat.
                  | [potion of mutation]
  3750 | D:4      | Gained mutation: You occasionally shout uncontrollably at
                  | your foes. [potion of mutation]
  3750 | D:4      | Gained mutation: You are covered in fur. (AC +1) [potion of
                  | mutation]
  3751 | D:4      | 3751 ||| DRINKING potion of mutation.
  3751 | D:4      | Lost mutation: You occasionally shout uncontrollably at
                  | your foes. [potion of mutation]
  3751 | D:4      | Lost mutation: You are covered in fur. (AC +1) [potion of
                  | mutation]
  3751 | D:4      | Gained mutation: You occasionally lose the ability to read
                  | scrolls when taking damage. [potion of mutation]
  3751 | D:4      | Gained mutation: You have large cloven feet. [potion of
                  | mutation]
  3751 | D:4      | Gained mutation: You passively map a small area around you.
                  | [potion of mutation]
  3752 | D:4      | 3752 ||| DRINKING 2 clear potions.
  3753 | D:4      | 3753 ||| DRINKING 2 blue potions.
  3754 | D:4      | 3754 ||| READING 3 scrolls of identify.
  3754 | D:4      | 3754 ||| IDENTIFYING viscous inky potion
  3755 | D:4      | 3755 ||| READING 2 scrolls of identify.
  3755 | D:4      | 3755 ||| IDENTIFYING glowing orange potion
  3756 | D:4      | 3756 ||| DROPPING potion of invisibility.
  3784 | D:5      | Entered Level 5 of the Dungeon
  3798 | D:5      | Reached skill level 7 in Axes
  3972 | D:5      | 3972 ||| INVOKING Heroism.
  3982 | D:5      | Reached skill level 1 in Invocations
  4072 | D:5      | 4072 ||| INVOKING Heroism.
  4196 | D:5      | 4196 ||| INVOKING Heroism.
  4205 | D:5      | Reached XP level 8. HP: 48/49 MP: 6/10
  4292 | D:5      | 4292 ||| READING scroll of enchant armour.
  4292 | D:5      | 4292 ||| ENCHANTING +1 cloak.
  4303 | D:5      | 4303 ||| INVOKING Heroism.
  4313 | D:5      | Reached skill level 3 in Invocations
  4380 | D:5      | 4380 ||| INVOKING Heroism.
  4613 | D:5      | 4613 ||| INVOKING Heroism.
  4912 | D:5      | 4912 ||| READING scroll labelled HALIFRYU NOOGG.
  4913 | D:5      | 4913 ||| READING scroll labelled ATWALY ROLA.
  4914 | D:5      | 4914 ||| READING 3 scrolls of identify.
  4914 | D:5      | 4914 ||| IDENTIFYING bubbling coppery potion
  4915 | D:5      | 4915 ||| READING 2 scrolls of identify.
  4915 | D:5      | 4915 ||| IDENTIFYING yellow potion
  4916 | D:5      | 4916 ||| DROPPING potion of berserk rage.
  4917 | D:5      | 4917 ||| DROPPING potion of flight.
  5010 | D:6      | 5010 ||| Stepping ~*~*~tactically~*~*~ (hiding).
  5013 | D:6      | 5013 ||| Stepping ~*~*~tactically~*~*~ (stealth).
  5014 | D:6      | 5014 ||| INVOKING Heroism.
  5072 | D:6      | Found a broken altar of Ashenzari.
  5111 | D:6      | Reached skill level 8 in Axes
  5423 | D:6      | Reached skill level 1 in Dodging
  5659 | D:6      | Reached skill level 6 in Fighting
  5757 | D:6      | Reached ** piety under Okawaru
  5904 | D:6      | 5904 ||| UPGRADING to +0 helmet.
  5909 | D:6      | 5909 ||| READING scroll of enchant armour.
  5909 | D:6      | 5909 ||| ENCHANTING +0 helmet.
  5913 | D:6      | 5913 ||| READING 2 scrolls of identify.
  5913 | D:6      | 5913 ||| IDENTIFYING orange potion
  5914 | D:6      | 5914 ||| DROPPING potion of ambrosia.
  5915 | D:6      | 5915 ||| READING scroll of teleportation.
  5941 | D:6      | Reached XP level 9. HP: 54/55 MP: 12/12
  6021 | D:6      | 6021 ||| UPGRADING to +0 pair of boots.
  6026 | D:6      | 6026 ||| READING 2 scrolls of identify.
  6026 | D:6      | 6026 ||| IDENTIFYING smoky ruby potion
  6118 | D:7      | 6118 ||| Stepping ~*~*~tactically~*~*~ (hiding).
  6122 | D:7      | Noticed Duvessa
  6123 | D:7      | 6123 ||| INVOKING Heroism.
  6130 | D:7      | Killed Duvessa
  6131 | D:7      | Noticed Dowan
  6141 | D:7      | Killed Dowan
  6164 | D:7      | 6164 ||| Stepping ~*~*~tactically~*~*~ (stealth).
  6174 | D:7      | Reached skill level 9 in Axes
  6296 | D:7      | 6296 ||| FLEEEEING.
  6300 | D:7      | 6300 ||| FLEEEEING.
  6301 | D:7      | 6301 ||| FLEEEEING.
  6302 | D:7      | 6302 ||| FLEEEEING.
  6303 | D:7      | 6303 ||| FLEEEEING.
  6304 | D:7      | 6304 ||| FLEEEEING.
  6305 | D:7      | 6305 ||| FLEEEEING.
  6306 | D:7      | 6306 ||| FLEEEEING.
  6313 | D:7      | 6313 ||| Stepping ~*~*~tactically~*~*~ (hiding).
  6317 | D:7      | 6317 ||| INVOKING Heroism.
  6388 | D:7      | 6388 ||| Stepping ~*~*~tactically~*~*~ (stealth).
  6451 | D:7      | Found a blossoming altar of Fedhas.
  6461 | D:7      | Noticed Maggie
  6462 | D:7      | 6462 ||| FLEEEEING.
  6464 | D:7      | 6464 ||| FLEEEEING.
  6465 | D:7      | 6465 ||| FLEEEEING.
  6466 | D:7      | 6466 ||| FLEEEEING.
  6467 | D:7      | 6467 ||| FLEEEEING.
  6468 | D:7      | 6468 ||| FLEEEEING.
  6469 | D:7      | 6469 ||| FLEEEEING.
  6480 | D:7      | 6480 ||| FLEEEEING.
  6481 | D:7      | 6481 ||| FLEEEEING.
  6482 | D:7      | 6482 ||| FLEEEEING.
  6483 | D:7      | 6483 ||| FLEEEEING.
  6484 | D:7      | 6484 ||| FLEEEEING.
  6485 | D:7      | 6485 ||| STAIRDANCE
  6514 | D:7      | 6514 ||| STAIRDANCE
  6635 | D:7      | 6635 ||| INVOKING Heroism.
  6638 | D:7      | Killed Maggie
  7042 | D:7      | 7042 ||| Stepping ~*~*~tactically~*~*~ (stealth).
  7045 | D:7      | 7045 ||| INVOKING Heroism.
  7355 | D:7      | Found a runed translucent gate.
  7356 | D:7      | Found a runed translucent gate.
  7356 | D:7      | Found a runed translucent gate.
  7359 | D:7      | Noticed qw's ghost (novice GrFi)
  7430 | D:7      | 7430 ||| READING scroll labelled QISEITE QOUR.
  7476 | D:8      | 7476 ||| INVOKING Heroism.
  7477 | D:8      | 7477 ||| STAIRDANCE
  7583 | D:8      | 7583 ||| STAIRDANCE
  7585 | D:7      | 7585 ||| INVOKING Heroism.
  7594 | D:7      | Reached *** piety under Okawaru
  7595 | D:7      | Reached skill level 10 in Axes
  7595 | D:7      | Reached XP level 10. HP: 44/63 MP: 11/13
  7597 | D:7      | Reached skill level 6 in Armour
  7747 | D:8      | 7747 ||| Stepping ~*~*~tactically~*~*~ (cloud).
  7749 | D:8      | 7749 ||| INVOKING Heroism.
  7755 | D:8      | 7755 ||| Stepping ~*~*~tactically~*~*~ (cloud).
  7844 | D:8      | Noticed Psyche
  7845 | D:8      | 7845 ||| INVOKING Heroism.
  7856 | D:8      | Killed Psyche
  7889 | D:8      | 7889 ||| DROPPING +0 flail of draining.
  8050 | D:8      | 8050 ||| SWAPPING to +2 war axe of freezing.
  8051 | D:8      | 8051 ||| DROPPING +1 war axe of freezing.
  8098 | D:8      | 8098 ||| Stepping ~*~*~tactically~*~*~ (hiding).
  8166 | D:8      | Found a runed translucent gate.
  8166 | D:8      | Found a runed translucent gate.
  8166 | D:8      | Found a runed translucent gate.
  8166 | D:8      | Noticed a kobold demonologist
  8166 | D:8      | Noticed qw's ghost (novice GrFi)
  8182 | D:8      | Noticed Erica
  8183 | D:8      | 8183 ||| INVOKING Heroism.
  8189 | D:8      | 8189 ||| DRINKING potion of curing.
  8189 | D:8      | 8189 ||| (to cure confusion)
  8212 | D:8      | HP: 15/64 [something (4)]
  8214 | D:8      | Killed Erica
  8547 | D:8      | Reached skill level 11 in Axes
  8600 | D:8      | 8600 ||| READING scroll of enchant weapon.
  8600 | D:8      | 8600 ||| ENCHANTING +2 war axe of freezing.
  8602 | D:8      | Identified the +4 trident of the Empty Page {vorpal, Will+}
  8764 | D:8      | Identified the +1 whip "Wifan" {freeze, *Corrode rPois SInv
                  | Stlth+}
  8766 | D:8      | 8766 ||| DROPPING +1 whip "Wifan" {freeze, *Corrode rPois
                  | SInv Stlth+}.
  9219 | D:9      | 9219 ||| STAIRDANCE
  9284 | D:9      | Reached **** piety under Okawaru
  9285 | D:9      | Reached skill level 1 in Throwing
  9290 | D:9      | 9290 ||| STAIRDANCE
  9456 | D:9      | 9456 ||| INVOKING Heroism.
  9475 | D:9      | 9475 ||| INVOKING Heroism.
  9480 | D:9      | HP: 15/64 [troll (5)]
  9481 | D:9      | 9481 ||| READING 2 scrolls of teleportation.
  9482 | D:9      | 9482 ||| DRINKING 2 potions of heal wounds.
  9518 | D:9      | 9518 ||| INVOKING Heroism.
  9526 | D:9      | Reached skill level 3 in Throwing
  9563 | D:9      | 9563 ||| INVOKING Heroism.
  9584 | D:9      | Noticed a two-headed ogre
  9592 | D:9      | HP: 13/65 [two-headed ogre/+0 giant spiked club (20)]
  9593 | D:9      | 9593 ||| DRINKING potion of heal wounds.
  9596 | D:9      | Killed a two-headed ogre
  9597 | D:9      | Reached skill level 9 in Fighting
  9597 | D:9      | Reached XP level 11. HP: 20/71 MP: 13/15
  9626 | D:9      | 9626 ||| Invisible monster not found???
  9744 | D:9      | Reached skill level 6 in Invocations
  9758 | D:9      | 9758 ||| INVOKING Heroism.
  9766 | D:9      | Received a gift from Okawaru
  9815 | D:9      | Found a flagged portal.
  9849 | D:9      | 9849 ||| FLEEEEING.
  9850 | D:9      | 9850 ||| FLEEEEING.
  9851 | D:9      | 9851 ||| FLEEEEING.
  9852 | D:9      | 9852 ||| FLEEEEING.
  9853 | D:9      | 9853 ||| FLEEEEING.
  9918 | D:9      | 9918 ||| Stepping ~*~*~tactically~*~*~ (stealth).
  9926 | D:9      | Found a staircase to the Orcish Mines.
  9927 | D:9      | 9927 ||| INVOKING Heroism.
  9941 | D:9      | 9941 ||| INVOKING Heroism.
  9954 | D:9      | 9954 ||| INVOKING Heroism.
  9962 | D:9      | 9962 ||| FLEEEEING.
  9967 | D:9      | 9967 ||| STAIRDANCE
 10216 | D:9      | Found a staircase to the Lair.
 10376 | D:9      | 10376 ||| Stepping ~*~*~tactically~*~*~ (stealth).
 10378 | D:9      | 10378 ||| Stepping ~*~*~tactically~*~*~ (stealth).
 10379 | D:9      | 10379 ||| Stepping ~*~*~tactically~*~*~ (stealth).
 10380 | D:9      | 10380 ||| Stepping ~*~*~tactically~*~*~ (stealth).
 10639 | D:9      | 10639 ||| PLANNING LAIR
 10639 | D:9      | 10639 ||| READING scroll labelled UDWYDU ESSURO.
 10640 | D:9      | 10640 ||| READING scroll labelled SUODAI OSOYPPE.
 10676 | Lair:1   | Entered Level 1 of the Lair of Beasts
 10679 | Lair:1   | 10679 ||| Stepping ~*~*~tactically~*~*~ (stealth).
 10681 | Lair:1   | 10681 ||| INVOKING Heroism.
 10690 | Lair:1   | Reached ***** piety under Okawaru
 10753 | Lair:1   | 10753 ||| INVOKING Heroism.
 10770 | Lair:1   | 10770 ||| Stepping ~*~*~tactically~*~*~ (stealth).
 10854 | Lair:1   | 10854 ||| INVOKING Heroism.
 11138 | Lair:1   | 11138 ||| INVOKING Heroism.
 11265 | Lair:1   | 11265 ||| INVOKING Heroism.
 11316 | Lair:1   | 11316 ||| INVOKING Heroism.
 11333 | Lair:1   | 11333 ||| READING scroll of enchant weapon.
 11333 | Lair:1   | 11333 ||| ENCHANTING +3 war axe of freezing.
 11364 | Lair:1   | 11364 ||| Stepping ~*~*~tactically~*~*~ (stealth).
 11365 | Lair:1   | 11365 ||| Stepping ~*~*~tactically~*~*~ (stealth).
 11366 | Lair:1   | 11366 ||| INVOKING Heroism.
 11379 | Lair:1   | Identified the +2 pair of gloves "Jeenash" {+Inv rF- Int+2}
                  | (Okawaru gifted it to you on level 1 of the Lair of Beasts)
 11379 | Lair:1   | Received a gift from Okawaru
 11672 | Lair:1   | 11672 ||| INVOKING Heroism.
 11857 | Lair:1   | Reached skill level 9 in Invocations
 12087 | Lair:1   | 12087 ||| UPGRADING to +2 pair of gloves "Jeenash" {+Inv
                  | rF- Int+2}.
 12092 | Lair:1   | 12092 ||| READING scroll labelled SISIUSEGR MANEI.
 12092 | Lair:1   | Identified a scroll of acquirement
 12092 | Lair:1   | 12092 ||| ACQUIRING 699 gold pieces
 12092 | Lair:1   | Acquired 699 gold pieces
 12144 | Lair:2   | Identified the +7 halberd "Azunk" {freeze, Dex+5}
 12216 | Lair:2   | 12216 ||| INVOKING Heroism.
 12358 | Lair:2   | 12358 ||| INVOKING Heroism.
 12374 | Lair:2   | Reached XP level 12. HP: 76/76 MP: 16/19
 12431 | Lair:2   | 12431 ||| INVOKING Heroism.
 12549 | Lair:2   | 12549 ||| READING scroll of enchant weapon.
 12549 | Lair:2   | 12549 ||| ENCHANTING +4 war axe of freezing.
 12632 | Lair:2   | 12632 ||| Stepping ~*~*~tactically~*~*~ (stealth).
 12699 | Lair:2   | 12699 ||| Stepping ~*~*~tactically~*~*~ (hiding).
 12708 | Lair:2   | 12708 ||| INVOKING Heroism.
 12711 | Lair:2   | 12711 ||| Stepping ~*~*~tactically~*~*~ (hiding).
 12716 | Lair:2   | Reached skill level 12 in Axes
 12744 | Lair:2   | 12744 ||| Stepping ~*~*~tactically~*~*~ (stealth).
 12752 | Lair:2   | Found a staircase to the Snake Pit.
 13017 | Lair:2   | 13017 ||| INVOKING Heroism.
 13148 | Lair:3   | 13148 ||| INVOKING Heroism.
 13150 | Lair:3   | 13150 ||| STAIRDANCE
 13169 | Lair:3   | 13169 ||| Stepping ~*~*~tactically~*~*~ (stealth).
 13172 | Lair:3   | 13172 ||| Stepping ~*~*~tactically~*~*~ (stealth).
 13174 | Lair:3   | 13174 ||| Stepping ~*~*~tactically~*~*~ (stealth).
 13175 | Lair:3   | 13175 ||| Stepping ~*~*~tactically~*~*~ (stealth).
 13176 | Lair:3   | 13176 ||| Stepping ~*~*~tactically~*~*~ (stealth).
 13178 | Lair:3   | 13178 ||| Stepping ~*~*~tactically~*~*~ (stealth).
 13179 | Lair:3   | 13179 ||| Stepping ~*~*~tactically~*~*~ (stealth).
 13184 | Lair:3   | 13184 ||| Stepping ~*~*~tactically~*~*~ (stealth).
 13185 | Lair:3   | 13185 ||| INVOKING Heroism.
 13207 | Lair:3   | Reached skill level 6 in Shields
 13375 | Lair:3   | Identified the +7 halberd of Tessit {vorpal, Dex+4}
 13389 | Lair:3   | 13389 ||| INVOKING Heroism.
 13465 | Lair:3   | 13465 ||| INVOKING Heroism.
 13468 | Lair:3   | Received a gift from Okawaru
 13485 | Lair:3   | 13485 ||| Stepping ~*~*~tactically~*~*~ (stealth).
 13486 | Lair:3   | 13486 ||| Stepping ~*~*~tactically~*~*~ (stealth).
 13487 | Lair:3   | 13487 ||| INVOKING Heroism.
 13554 | Lair:3   | 13554 ||| INVOKING Heroism.
 13681 | Lair:3   | Found a staircase to the Shoals.
 13691 | Lair:3   | 13691 ||| INVOKING Heroism.
 14116 | Lair:3   | 14116 ||| DRINKING 2 puce potions.
 14116 | Lair:3   | Reached XP level 13. HP: 82/82 MP: 20/20
 14117 | Lair:3   | 14117 ||| DRINKING potion of experience.
 14117 | Lair:3   | Reached skill level 13 in Axes
 14117 | Lair:3   | Gained mutation: Your large and strong wings let you fly.
                  | [Gargoyle growth]
 14117 | Lair:3   | Reached XP level 14. HP: 88/88 MP: 21/21
 14118 | Lair:3   | 14118 ||| READING 7 scrolls of identify.
 14118 | Lair:3   | 14118 ||| IDENTIFYING golden potion
 14156 | Lair:4   | 14156 ||| INVOKING Heroism.
 14157 | Lair:4   | 14157 ||| SWAPPING to +3 flail.
 14158 | Lair:4   | 14158 ||| INVOKING Finesse.
 14167 | Lair:4   | 14167 ||| SWAPPING to +5 war axe of freezing.
 14205 | Lair:4   | 14205 ||| INVOKING Heroism.
 14209 | Lair:4   | 14209 ||| SWAPPING to +3 flail.
 14213 | Lair:4   | 14213 ||| SWAPPING to +5 war axe of freezing.
 14269 | Lair:4   | 14269 ||| Stepping ~*~*~tactically~*~*~ (stealth).
 14320 | Lair:4   | Reached skill level 9 in Armour
 14452 | Lair:4   | 14452 ||| INVOKING Heroism.
 14453 | Lair:4   | 14453 ||| INVOKING Finesse.
 14456 | Lair:4   | 14456 ||| SWAPPING to +3 flail.
 14464 | Lair:4   | 14464 ||| SWAPPING to +5 war axe of freezing.
 14533 | Lair:4   | 14533 ||| Stepping ~*~*~tactically~*~*~ (stealth).
 14534 | Lair:4   | 14534 ||| Stepping ~*~*~tactically~*~*~ (stealth).
 14541 | Lair:4   | 14541 ||| Stepping ~*~*~tactically~*~*~ (stealth).
 14542 | Lair:4   | 14542 ||| Stepping ~*~*~tactically~*~*~ (stealth).
 14543 | Lair:4   | 14543 ||| Stepping ~*~*~tactically~*~*~ (stealth).
 14544 | Lair:4   | 14544 ||| Stepping ~*~*~tactically~*~*~ (stealth).
 14545 | Lair:4   | 14545 ||| Stepping ~*~*~tactically~*~*~ (stealth).
 14547 | Lair:4   | 14547 ||| Stepping ~*~*~tactically~*~*~ (stealth).
 14554 | Lair:4   | Reached skill level 14 in Axes
 14555 | Lair:4   | 14555 ||| Stepping ~*~*~tactically~*~*~ (stealth).
 14556 | Lair:4   | 14556 ||| Stepping ~*~*~tactically~*~*~ (stealth).
 14562 | Lair:4   | 14562 ||| INVOKING Heroism.
 14567 | Lair:4   | 14567 ||| Stepping ~*~*~tactically~*~*~ (stealth).
 14607 | Lair:4   | Found a viscous altar of Jiyva.
 14610 | Lair:4   | Found a staircase to the Slime Pits.
 14699 | Lair:4   | 14699 ||| Stepping ~*~*~tactically~*~*~ (stealth).
 15240 | Lair:4   | 15240 ||| UPGRADING to +6 ring of strength.
 15264 | Lair:5   | Entered Level 5 of the Lair of Beasts
 15264 | Lair:5   | Found the +8 whip "Snakebite" {venom, curare, rPois}
 15266 | Lair:5   | 15266 ||| INVOKING Heroism.
 15289 | Lair:5   | Reached XP level 15. HP: 35/94 MP: 22/22
 15318 | Lair:5   | 15318 ||| INVOKING Heroism.
 15327 | Lair:5   | 15327 ||| FLEEEEING.
 15333 | Lair:5   | 15333 ||| STAIRDANCE
 15530 | Lair:5   | 15530 ||| Stepping ~*~*~tactically~*~*~ (stealth).
 15540 | Lair:5   | 15540 ||| INVOKING Heroism.
 15542 | Lair:5   | 15542 ||| Stepping ~*~*~tactically~*~*~ (stealth).
 15556 | Lair:5   | Received a gift from Okawaru
 15648 | Lair:5   | 15648 ||| Stepping ~*~*~tactically~*~*~ (stealth).
 15812 | Lair:5   | Noticed Urug
 15813 | Lair:5   | 15813 ||| INVOKING Heroism.
 15814 | Lair:5   | 15814 ||| INVOKING Finesse.
 15817 | Lair:5   | Killed Urug
 15903 | Lair:5   | 15903 ||| Stepping ~*~*~tactically~*~*~ (stealth).
 16087 | Lair:5   | 16087 ||| Stepping ~*~*~tactically~*~*~ (stealth).
 16164 | Lair:5   | 16164 ||| INVOKING Heroism.
 16305 | Lair:5   | Reached skill level 15 in Axes
 16322 | Lair:5   | 16322 ||| Stepping ~*~*~tactically~*~*~ (hiding).
 16324 | Lair:5   | 16324 ||| Stepping ~*~*~tactically~*~*~ (stealth).
 16325 | Lair:5   | 16325 ||| Stepping ~*~*~tactically~*~*~ (hiding).
 16326 | Lair:5   | 16326 ||| Stepping ~*~*~tactically~*~*~ (hiding).
 16343 | Lair:5   | Received a gift from Okawaru
 16522 | Lair:5   | 16522 ||| SWAPPING to +1 broad axe of freezing.
 16523 | Lair:5   | 16523 ||| DROPPING +5 war axe of freezing.
 16559 | Lair:5   | 16559 ||| INVOKING Heroism.
 16560 | Lair:5   | 16560 ||| INVOKING Finesse.
 16568 | Lair:5   | 16568 ||| Stepping ~*~*~tactically~*~*~ (stealth).
 16570 | Lair:5   | 16570 ||| Stepping ~*~*~tactically~*~*~ (stealth).
 16602 | Lair:5   | 16602 ||| Stepping ~*~*~tactically~*~*~ (stealth).
 16604 | Lair:5   | 16604 ||| INVOKING Heroism.
 16608 | Lair:5   | 16608 ||| SWAPPING to +3 flail.
 16610 | Lair:5   | 16610 ||| SWAPPING to +1 broad axe of freezing.
 16612 | Lair:5   | 16612 ||| SWAPPING to +3 flail.
 16621 | Lair:5   | 16621 ||| SWAPPING to +1 broad axe of freezing.
 16731 | Lair:5   | 16731 ||| Stepping ~*~*~tactically~*~*~ (stealth).
 16733 | Lair:5   | 16733 ||| Stepping ~*~*~tactically~*~*~ (stealth).
 16741 | Lair:5   | 16741 ||| FLEEEEING.
 16742 | Lair:5   | 16742 ||| FLEEEEING.
 16743 | Lair:5   | 16743 ||| FLEEEEING.
 16753 | Lair:5   | 16753 ||| FLEEEEING.
 16755 | Lair:5   | 16755 ||| FLEEEEING.
 16756 | Lair:5   | 16756 ||| FLEEEEING.
 16757 | Lair:5   | 16757 ||| FLEEEEING.
 16758 | Lair:5   | 16758 ||| FLEEEEING.
 16759 | Lair:5   | 16759 ||| FLEEEEING.
 16760 | Lair:5   | 16760 ||| FLEEEEING.
 16761 | Lair:5   | 16761 ||| FLEEEEING.
 16762 | Lair:5   | 16762 ||| FLEEEEING.
 16763 | Lair:5   | 16763 ||| FLEEEEING.
 16764 | Lair:5   | 16764 ||| FLEEEEING.
 16765 | Lair:5   | 16765 ||| FLEEEEING.
 16766 | Lair:5   | 16766 ||| FLEEEEING.
 16770 | Lair:5   | 16770 ||| FLEEEEING.
 17089 | Lair:5   | 17089 ||| PLANNING D:1-11
 17089 | Lair:5   | 17089 ||| UPGRADING to +0 pair of gloves.
 17099 | Lair:5   | 17099 ||| UPGRADING to +0 plate armour.
 17109 | Lair:5   | 17109 ||| DROPPING +0 chain mail.
 17110 | Lair:5   | 17110 ||| DROPPING ring of positive energy.
 17111 | Lair:5   | 17111 ||| READING scroll labelled DEOSOYNUTZ.
 17112 | Lair:5   | 17112 ||| READING 9 scrolls of identify.
 17112 | Lair:5   | 17112 ||| IDENTIFYING sedimented clear potion
 17113 | Lair:5   | 17113 ||| DROPPING potion of brilliance.
 17257 | D:10     | Entered Level 10 of the Dungeon
 17320 | D:10     | 17320 ||| Stepping ~*~*~tactically~*~*~ (stealth).
 17323 | D:10     | 17323 ||| INVOKING Heroism.
 17422 | D:10     | Noticed Harold
 17423 | D:10     | 17423 ||| Stepping ~*~*~tactically~*~*~ (hiding).
 17426 | D:10     | Found a shimmering altar of Xom.
 17440 | D:10     | Killed Harold
 17622 | D:10     | 17622 ||| READING scroll of acquirement.
 17622 | D:10     | 17622 ||| ACQUIRING ring "Zurojeme" {rF+ Will+ Int+6}
 17622 | D:10     | Acquired the ring "Zurojeme" {rF+ Will+ Int+6}
 17624 | D:10     | 17624 ||| UPGRADING to ring "Zurojeme" {rF+ Will+ Int+6}.
 17680 | D:10     | 17680 ||| Stepping ~*~*~tactically~*~*~ (hiding).
 17753 | D:10     | Found a glowing silver altar of Zin.
 17988 | D:10     | 17988 ||| Stepping ~*~*~tactically~*~*~ (stealth).
 17991 | D:10     | 17991 ||| INVOKING Heroism.
 18211 | D:10     | 18211 ||| UPGRADING to +4 ring of evasion.
 18213 | D:10     | 18213 ||| READING scroll labelled EBEKOSHR NEFRUA.
 18228 | D:11     | 18228 ||| STAIRDANCE
 18230 | D:10     | 18230 ||| DRINKING 4 potions of curing.
 18230 | D:10     | 18230 ||| (to cure confusion)
 18245 | D:11     | 18245 ||| STAIRDANCE
 18253 | D:11     | 18253 ||| STAIRDANCE
 18255 | D:10     | 18255 ||| INVOKING Heroism.
 18258 | D:10     | Reached skill level 12 in Fighting
 18348 | D:11     | 18348 ||| INVOKING Heroism.
 18566 | D:11     | 18566 ||| INVOKING Heroism.
 18580 | D:11     | HP: 17/96 [sun demon[a kobold demonologist] (8)]
 18580 | D:11     | HP: 8/96 [sun demon[a kobold demonologist] (9)]
 18581 | D:11     | 18581 ||| READING 5 scrolls of teleportation.
 18582 | D:11     | 18582 ||| DRINKING 4 potions of heal wounds.
 18583 | D:11     | 18583 ||| DRINKING 3 potions of heal wounds.
 18596 | D:11     | 18596 ||| INVOKING Heroism.
 18846 | D:11     | Reached skill level 12 in Armour
 18878 | D:11     | 18878 ||| READING scroll of brand weapon.
 18878 | D:11     | 18878 ||| BRANDING +1 broad axe of freezing.
 19091 | D:11     | 19091 ||| Stepping ~*~*~tactically~*~*~ (stealth).
 19094 | D:11     | 19094 ||| INVOKING Heroism.
 19331 | D:11     | 19331 ||| Stepping ~*~*~tactically~*~*~ (stealth).
 19350 | D:11     | 19350 ||| Stepping ~*~*~tactically~*~*~ (stealth).
 19351 | D:11     | 19351 ||| Stepping ~*~*~tactically~*~*~ (stealth).
 19353 | D:11     | 19353 ||| Stepping ~*~*~tactically~*~*~ (stealth).
 19541 | D:11     | 19541 ||| Stepping ~*~*~tactically~*~*~ (hiding).
 19542 | D:11     | 19542 ||| Stepping ~*~*~tactically~*~*~ (hiding).
 19562 | D:11     | 19562 ||| INVOKING Heroism.
 19682 | D:11     | 19682 ||| FLEEEEING.
 19683 | D:11     | 19683 ||| FLEEEEING.
 19684 | D:11     | 19684 ||| FLEEEEING.
 19685 | D:11     | 19685 ||| FLEEEEING.
 19686 | D:11     | 19686 ||| FLEEEEING.
 19687 | D:11     | 19687 ||| FLEEEEING.
 19691 | D:11     | 19691 ||| FLEEEEING.
 19692 | D:11     | 19692 ||| FLEEEEING.
 19693 | D:11     | 19693 ||| FLEEEEING.
 19694 | D:11     | 19694 ||| FLEEEEING.
 19696 | D:11     | 19696 ||| Stepping ~*~*~tactically~*~*~ (hiding).
 20076 | D:11     | 20076 ||| Stepping ~*~*~tactically~*~*~ (stealth).
 20384 | D:11     | 20384 ||| DRINKING potion of mutation.
 20384 | D:11     | Lost mutation: You have large cloven feet. [potion of
                  | mutation]
 20384 | D:11     | Lost mutation: You are clumsy. (Dex -2) [potion of
                  | mutation]
 20384 | D:11     | Gained mutation: You are strong-willed. (Will+) [potion of
                  | mutation]
 20384 | D:11     | Gained mutation: You have very sharp teeth. [potion of
                  | mutation]
 20471 | D:11     | 20471 ||| PLANNING D
 20471 | D:11     | 20471 ||| UPGRADING to +0 kite shield.
 20481 | D:11     | 20481 ||| DROPPING +0 buckler.
 20527 | D:12     | 20527 ||| STAIRDANCE
 20533 | D:11     | Received a gift from Okawaru
 20557 | D:12     | 20557 ||| STAIRDANCE
 20586 | D:12     | 20586 ||| INVOKING Heroism.
 20630 | D:12     | Found a portal to a secret trove of treasure.
 20645 | D:12     | 20645 ||| INVOKING Heroism.
 20732 | D:12     | 20732 ||| FLEEEEING.
 20735 | D:12     | 20735 ||| FLEEEEING.
 20736 | D:12     | 20736 ||| FLEEEEING.
 20737 | D:12     | 20737 ||| FLEEEEING.
 20738 | D:12     | 20738 ||| FLEEEEING.
 20739 | D:12     | 20739 ||| FLEEEEING.
 20740 | D:12     | 20740 ||| FLEEEEING.
 20741 | D:12     | 20741 ||| FLEEEEING.
 20747 | D:12     | 20747 ||| STAIRDANCE
 20800 | D:11     | 20800 ||| DROPPING +6 ring of dexterity.
 20896 | D:12     | 20896 ||| READING scroll of enchant weapon.
 20896 | D:12     | 20896 ||| ENCHANTING +1 broad axe of venom.
 20952 | D:12     | 20952 ||| READING scroll of enchant weapon.
 20952 | D:12     | 20952 ||| ENCHANTING +2 broad axe of venom.
 21011 | D:12     | Noticed Maurice
 21038 | D:12     | Killed Maurice
 21080 | D:12     | 21080 ||| Stepping ~*~*~tactically~*~*~ (stealth).
 21113 | D:12     | 21113 ||| Stepping ~*~*~tactically~*~*~ (hiding).
 21588 | D:13     | Reached XP level 16. HP: 93/101 MP: 23/23
 22019 | D:13     | 22019 ||| READING scroll of enchant weapon.
 22019 | D:13     | 22019 ||| ENCHANTING +3 broad axe of venom.
 22090 | D:13     | 22090 ||| INVOKING Heroism.
 22094 | D:13     | Reached skill level 9 in Shields
 22141 | D:13     | Noticed Lodul
 22142 | D:13     | 22142 ||| INVOKING Heroism.
 22155 | D:13     | Killed Lodul
 22495 | D:13     | 22495 ||| READING scroll of acquirement.
 22495 | D:13     | 22495 ||| ACQUIRING +0 pair of boots of Disaster {Regen+}
 22495 | D:13     | Acquired the +0 pair of boots of Disaster {Regen+}
 22497 | D:13     | 22497 ||| UPGRADING to +0 pair of boots of Disaster
                  | {Regen+}.
 22507 | D:13     | 22507 ||| DROPPING +0 pair of boots.
 22524 | D:13     | Received a gift from Okawaru
 22744 | D:13     | 22744 ||| DROPPING +6 ring of strength.
 22782 | D:14     | 22782 ||| INVOKING Heroism.
 22890 | D:14     | 22890 ||| INVOKING Heroism.
 23054 | D:14     | 23054 ||| Stepping ~*~*~tactically~*~*~ (hiding).
 23060 | D:14     | 23060 ||| INVOKING Heroism.
 23072 | D:14     | 23072 ||| Stepping ~*~*~tactically~*~*~ (stealth).
 23076 | D:14     | 23076 ||| Stepping ~*~*~tactically~*~*~ (stealth).
 23083 | D:14     | 23083 ||| Stepping ~*~*~tactically~*~*~ (hiding).
 23084 | D:14     | 23084 ||| Stepping ~*~*~tactically~*~*~ (hiding).
 23116 | D:14     | 23116 ||| INVOKING Heroism.
 23123 | D:14     | 23123 ||| Stepping ~*~*~tactically~*~*~ (hiding).
 23266 | D:14     | 23266 ||| DROPPING +1 vorpal flail.
 23362 | D:14     | 23362 ||| Stepping ~*~*~tactically~*~*~ (hiding).
 23401 | D:14     | 23401 ||| INVOKING Finesse.
 23415 | D:14     | 23415 ||| INVOKING Heroism.
 23416 | D:14     | 23416 ||| SWAPPING to +3 flail.
 23417 | D:14     | 23417 ||| INVOKING Finesse.
 23427 | D:14     | 23427 ||| SWAPPING to +4 broad axe of venom.
 23485 | D:14     | 23485 ||| INVOKING Heroism.
 23496 | D:14     | Reached skill level 12 in Shields
 23526 | D:14     | 23526 ||| INVOKING Heroism.
 23549 | D:14     | HP: 15/101 [catoblepas (20)]
 23550 | D:14     | 23550 ||| DRINKING 2 potions of heal wounds.
 23613 | D:14     | 23613 ||| INVOKING Heroism.
 23620 | D:14     | 23620 ||| Stepping ~*~*~tactically~*~*~ (stealth).
 23767 | D:14     | 23767 ||| INVOKING Heroism.
 23768 | D:14     | 23768 ||| INVOKING Finesse.
 23770 | D:14     | Reached skill level 16 in Axes
 23793 | D:14     | HP: 17/101 [frost giant/bolt of cold (23)]
 23794 | D:14     | 23794 ||| DRINKING potion of heal wounds.
 23799 | D:14     | 23799 ||| FLEEEEING.
 23800 | D:14     | 23800 ||| FLEEEEING.
 23801 | D:14     | 23801 ||| FLEEEEING.
 23802 | D:14     | 23802 ||| FLEEEEING.
 23803 | D:14     | 23803 ||| FLEEEEING.
 23804 | D:14     | 23804 ||| FLEEEEING.
 23805 | D:14     | 23805 ||| FLEEEEING.
 23806 | D:14     | 23806 ||| FLEEEEING.
 23807 | D:14     | 23807 ||| FLEEEEING.
 23808 | D:14     | 23808 ||| FLEEEEING.
 23809 | D:14     | 23809 ||| FLEEEEING.
 23810 | D:14     | 23810 ||| FLEEEEING.
 23811 | D:14     | 23811 ||| FLEEEEING.
 23812 | D:14     | 23812 ||| FLEEEEING.
 23813 | D:14     | 23813 ||| FLEEEEING.
 23814 | D:14     | 23814 ||| FLEEEEING.
 23815 | D:14     | 23815 ||| FLEEEEING.
 23816 | D:14     | 23816 ||| FLEEEEING.
 23817 | D:14     | 23817 ||| FLEEEEING.
 23818 | D:14     | 23818 ||| FLEEEEING.
 23819 | D:14     | 23819 ||| FLEEEEING.
 23820 | D:14     | 23820 ||| FLEEEEING.
 23821 | D:14     | 23821 ||| INVOKING Finesse.
 23917 | D:14     | Identified the ring of Moderation {Will+ rCorr}
 23929 | D:14     | Reached skill level 3 in Dodging
 24151 | D:14     | 24151 ||| FLEEEEING.
 24154 | D:14     | 24154 ||| FLEEEEING.
 24190 | D:14     | 24190 ||| INVOKING Heroism.
 24201 | D:14     | Received a gift from Okawaru
 24368 | D:14     | Found a gate to the Vaults.
 24855 | D:14     | 24855 ||| INVOKING Heroism.
 24856 | D:14     | 24856 ||| SWAPPING to +3 flail.
 24857 | D:14     | 24857 ||| INVOKING Finesse.
 24858 | D:14     | 24858 ||| Stepping ~*~*~tactically~*~*~ (outnumbered).
 24884 | D:14     | 24884 ||| SWAPPING to +4 broad axe of venom.
 25006 | D:14     | 25006 ||| INVOKING Heroism.
 25044 | D:14     | Identified the amulet "Ihinuq" {RegenMP Rampage Regen+
                  | rCorr Str-3}
 25046 | D:14     | 25046 ||| UPGRADING to amulet "Ihinuq" {RegenMP Rampage
                  | Regen+ rCorr Str-3}.
 25171 | D:15     | Entered Level 15 of the Dungeon
 25187 | D:15     | 25187 ||| Stepping ~*~*~tactically~*~*~ (hiding).
 25300 | D:15     | 25300 ||| Stepping ~*~*~tactically~*~*~ (stealth).
 25360 | D:15     | Found a staircase to the Depths.
 25364 | D:15     | 25364 ||| Stepping ~*~*~tactically~*~*~ (stealth).
 25377 | D:15     | 25377 ||| Stepping ~*~*~tactically~*~*~ (hiding).
 25379 | D:15     | 25379 ||| Stepping ~*~*~tactically~*~*~ (hiding).
 25399 | D:15     | Reached XP level 17. HP: 106/106 MP: 24/24
 25412 | D:15     | 25412 ||| INVOKING Heroism.
 25470 | D:15     | Found Wicsapt's Weapon Shoppe.
 25560 | D:15     | 25560 ||| Stepping ~*~*~tactically~*~*~ (hiding).
 25563 | D:15     | 25563 ||| INVOKING Heroism.
 25583 | D:15     | Reached skill level 17 in Axes
 25594 | D:15     | Identified the +0 pair of boots of Betamut {-Tele Will+
                  | rCorr Str+3} (Okawaru gifted it to you on level 15 of the
                  | Dungeon)
 25594 | D:15     | Received a gift from Okawaru
 25602 | D:15     | 25602 ||| Stepping ~*~*~tactically~*~*~ (stealth).
 25721 | D:15     | Identified the +3 whip "Ygeon" {speed, rF+ Dex+4}
 25723 | D:15     | 25723 ||| DROPPING +3 flail.
 25745 | D:15     | Found Qedghomen's Blood Bar.
 25761 | D:15     | 25761 ||| BUYING +2 vampiric flail (360 gold).
 25761 | D:15     | Bought a +2 vampiric flail for 360 gold pieces
 25761 | D:15     | 25761 ||| BUYING +4 vampiric flail (520 gold).
 25761 | D:15     | Bought a +4 vampiric flail for 520 gold pieces
 25761 | D:15     | 25761 ||| DROPPING +2 vampiric flail.
 25762 | D:15     | 25762 ||| DROPPING +3 whip "Ygeon" {speed, rF+ Dex+4}.
 25790 | D:15     | 25790 ||| Stepping ~*~*~tactically~*~*~ (stealth).
 25792 | D:15     | 25792 ||| Stepping ~*~*~tactically~*~*~ (stealth).
 25795 | D:15     | 25795 ||| INVOKING Heroism.
 26006 | D:15     | 26006 ||| Stepping ~*~*~tactically~*~*~ (stealth).
 26008 | D:15     | 26008 ||| Stepping ~*~*~tactically~*~*~ (stealth).
 26128 | D:15     | 26128 ||| Stepping ~*~*~tactically~*~*~ (hiding).
 26136 | D:15     | 26136 ||| FLEEEEING.
 26137 | D:15     | 26137 ||| FLEEEEING.
 26138 | D:15     | 26138 ||| FLEEEEING.
 26139 | D:15     | 26139 ||| FLEEEEING.
 26140 | D:15     | 26140 ||| FLEEEEING.
 26144 | D:15     | 26144 ||| FLEEEEING.
 26145 | D:15     | 26145 ||| FLEEEEING.
 26148 | D:15     | 26148 ||| FLEEEEING.
 26180 | D:15     | 26180 ||| INVOKING Heroism.
 26182 | D:15     | 26182 ||| Stepping ~*~*~tactically~*~*~ (stealth).
 26184 | D:15     | 26184 ||| Stepping ~*~*~tactically~*~*~ (stealth).
 26268 | D:15     | 26268 ||| Stepping ~*~*~tactically~*~*~ (stealth).
 26271 | D:15     | 26271 ||| Stepping ~*~*~tactically~*~*~ (stealth).
 26274 | D:15     | 26274 ||| Stepping ~*~*~tactically~*~*~ (stealth).
 26279 | D:15     | 26279 ||| Stepping ~*~*~tactically~*~*~ (stealth).
 26280 | D:15     | 26280 ||| INVOKING Heroism.
 26398 | D:15     | 26398 ||| READING scroll labelled ACIBEFOIREY.
 26552 | D:14     | 26552 ||| Stepping ~*~*~tactically~*~*~ (hiding).
 26594 | D:14     | 26594 ||| INVOKING Heroism.
 26664 | D:14     | 26664 ||| PLANNING ORC
 26887 | Orc:1    | Entered Level 1 of the Orcish Mines
 26896 | Orc:1    | 26896 ||| INVOKING Heroism.
 26935 | Orc:1    | Found a runed translucent gate.
 26935 | Orc:1    | Found a runed translucent gate.
 26935 | Orc:1    | Found a runed translucent gate.
 26936 | Orc:1    | Noticed Maimakterion's ghost (journeyman GrFi)
 27167 | Orc:2    | Entered Level 2 of the Orcish Mines
 27189 | Orc:2    | 27189 ||| STAIRDANCE
 27202 | Orc:2    | 27202 ||| STAIRDANCE
 27207 | Orc:2    | 27207 ||| STAIRDANCE
 27209 | Orc:1    | 27209 ||| INVOKING Heroism.
 27220 | Orc:2    | 27220 ||| STAIRDANCE
 27225 | Orc:2    | 27225 ||| STAIRDANCE
 27236 | Orc:2    | Found a staircase to the Elven Halls.
 27248 | Orc:2    | Found Wonedyj's Antique Armour Boutique.
 27277 | Orc:2    | 27277 ||| BUYING pair of glowing boots (195 gold).
 27277 | Orc:2    | Bought a pair of glowing boots for 195 gold pieces
 27277 | Orc:2    | 27277 ||| BUYING runed plate armour (676 gold).
 27277 | Orc:2    | Bought a runed plate armour for 676 gold pieces
 27405 | Orc:2    | 27405 ||| Stepping ~*~*~tactically~*~*~ (stealth).
 27407 | Orc:2    | 27407 ||| INVOKING Heroism.
 27449 | Orc:2    | 27449 ||| Stepping ~*~*~tactically~*~*~ (hiding).
 27451 | Orc:2    | 27451 ||| INVOKING Heroism.
 27616 | Orc:2    | 27616 ||| INVOKING Heroism.
 27637 | Orc:2    | HP: 27/108 [orc high priest/divine providence (11)]
 27640 | Orc:2    | HP: 8/108 [orc priest/divine providence (10)]
 27641 | Orc:2    | HP: 1/108 [orc high priest/divine providence (9)]
 27641 | Orc:2    | Slain by an orc warrior

Levels and vault maps discovered:
D:1:      dpeg_arrival_orchard, layout_rooms, corexii_leaking_fountain,
          minmay_split_cup_large
D:2:      layout_basic, uniq_crazy_yiuf_cottage, uniq_natasha
D:3:      layout_loops_ring, nicolae_uskayaw_dance_hall, serial_shops,
          nicolae_shop_trees, basic_ecumenical_altar
D:4:      layout_gridville, minmay_temple_entry_trees,
          chequers_serial_rivers_small_3, uniq_edmund, uniq_blork_the_orc
D:5:      layout_cave_pods, minmay_misc_feat_room
D:6:      layout_loops_corners, nicolae_ashenzari_skybound
D:7:      layout_loops_ring, mainiacjoe_overflow_concentric_impassable,
          gammafunk_ghost_necromancy, minmay_stone_trees_medium, uniq_duvessa,
          uniq_maggie
D:8:      layout_basic, gammafunk_ghost_nasty_kobolds, uniq_erica, uniq_psyche
D:9:      layout_rooms, grunt_lair_entry_orc_guard_hut, zombieorc2_lemuel,
          enter_bailey_2
D:10:     layout_loops_cross, mainiacjoe_overflow_tiny_flanked,
          mainiacjoe_overflow_brackets, minmay_strange_pillars, uniq_harold
D:11:     lemuel_castle_with_subvaults [lemuel_castle_interior_original],
          layout_stronghold, chequers_arboretum
D:12:     layout_loops_ring, enter_trove_0, uniq_maurice
D:13:     layout_basic, uniq_lodul
D:14:     minmay_nested_s, layout_loops_ring, ximxim_vaults_locker_room,
          serial_undead, serial_undead_d, serial_undead_e, serial_undead_e,
          serial_undead_b, moated_statue, hex_medium, kennysheep_generic_room_9
D:15:     gammafunk_depths_entry_grave, layout_basic, moated_statue,
          serial_shops, nicolae_shop_bloodbath_and_beyond, guppyfry_shop_blood
Temple:   nicolae_temple_bog_church
Lair:1:   layout_cave_pods, lemuel_fruit_tree, grunt_megastairs_4
Lair:2:   layout_chaotic_city, minmay_snake_entry_guardpost_large,
          serial_bayou_shore_b
Lair:3:   layout_long_grid, minmay_shoals_entry_hut
Lair:4:   layout_regular_city, dpeg_slime_entry_corner
Lair:5:   grunt_lair_end_beastmaster, layout_misc_corridors, enter_volcano_4,
          lookout_lair_type, serial_bayou_lagoon_a, nicolae_lair_grazing_beasts
          [nicolae_sub_lair_graze_edge, nicolae_sub_lair_graze_edge,
          nicolae_sub_lair_graze_edge, nicolae_sub_lair_graze_edge], uniq_urug
Orc:1:    layout_caves, ebering_ghost_rock_garden
Orc:2:    st_orc_pillars, layout_diamond_mine, serial_shops,
          nicolae_lakefront_shop, basic_altar

Skill      XL: |  1  2  3  4  5  6  7  8  9 10 11 12 13 14 15 16 17 |
---------------+----------------------------------------------------+-----
Axes           | 2 3 4 5 6 7 8 10 11 12 13 14 15 16 17 | 17.5
Fighting       | 4 5 6 7 9 10 11 12 13 | 13.0
Invocations    | 2 4 5 9 10 | 10.0
Dodging        | 1 2 3 |  3.0
Armour         | 4 5 6 7 8 9 12 13 | 13.0
Shields        | 4 5 6 7 8 13 | 13.0
Throwing       | 3 4 8 |  8.7

Action                   |  1- 3 |  4- 6 |  7- 9 | 10-12 | 13-15 | 16-18 || total
-------------------------+-------+-------+-------+-------+-------+-------++-------
Melee: War axe           |    84 |   195 |   294 |   475 |   218 |       ||  1266
       Kick              |       |       |    24 |       |       |       ||    24
       Flail             |       |       |       |       |    16 |    22 ||    38
       Broad axe         |       |       |       |       |   405 |   723 ||  1128
       Bite              |       |       |       |       |    14 |   128 ||   142
Throw: Boomerang         |       |    15 |       |    20 |    58 |    60 ||   153
       Javelin           |       |       |       |    63 |    77 |    71 ||   211
Invok: Heroism           |       |       |    13 |    31 |    21 |    25 ||    90
       Finesse           |       |       |       |       |     4 |     5 ||     9
  Use: Scroll            |     3 |     3 |    15 |     7 |     9 |     3 ||    40
       Potion            |       |     2 |     4 |     4 |     5 |     2 ||    17
 Stab: Petrifying        |       |       |       |       |     1 |       ||     1
       Petrified         |       |       |       |       |       |     8 ||     8
       Distracted        |       |       |       |       |       |     1 ||     1
Armor: Scale mail        |    48 |    11 |       |       |       |       ||    59
       Chain mail        |       |    88 |   164 |   238 |   111 |       ||   601
       Plate armour      |       |       |       |       |   227 |   364 ||   591
Dodge: Dodged            |    29 |    94 |   106 |   235 |   311 |   271 ||  1046
Block: Buckler           |    16 |    45 |    47 |   105 |   132 |       ||   345
       Kite shield       |       |       |       |       |    35 |   383 ||   418

Table legend:
 A = Non-vault XP
 B = Vault XP
 C = Vault XP percentage of total XP
 D = Non-vault monster count
 E = Vault monster count
 F = Vault count percentage of total count
                 A         B        C        D         E       F
            +---------+---------+-------+---------+---------+-------
      Total |   82509 |   84539 |  50.6 |     495 |     286 |  36.6
            +---------+---------+-------+---------+---------+-------
        D:1 |      42 |       7 |  14.3 |      17 |       4 |  19.0
        D:2 |     106 |      35 |  24.8 |      15 |       1 |   6.2
        D:3 |     132 |       0 |   0.0 |      23 |       0 |   0.0
        D:4 |     268 |     258 |  49.0 |      23 |       2 |   8.0
        D:5 |     798 |       0 |   0.0 |      11 |       0 |   0.0
        D:6 |     768 |       0 |   0.0 |      22 |       0 |   0.0
        D:7 |    1851 |     586 |  24.0 |      26 |       3 |  10.3
        D:8 |    1593 |    1341 |  45.7 |      15 |       3 |  16.7
        D:9 |    2176 |    1388 |  38.9 |      11 |      40 |  78.4
       D:10 |    4202 |    1187 |  22.0 |      34 |       5 |  12.8
       D:11 |    4623 |    7585 |  62.1 |      33 |      48 |  59.3
       D:12 |    4433 |     496 |  10.1 |      21 |       1 |   4.5
       D:13 |    5397 |    1471 |  21.4 |      11 |       7 |  38.9
       D:14 |    4651 |   44623 |  90.6 |      17 |      82 |  82.8
       D:15 |   19087 |    4118 |  17.7 |      39 |      10 |  20.4
     Lair:1 |    5121 |    1143 |  18.2 |      22 |       5 |  18.5
     Lair:2 |    2450 |    1130 |  31.6 |      10 |       7 |  41.2
     Lair:3 |    6026 |     241 |   3.8 |      31 |       1 |   3.1
     Lair:4 |    7406 |       0 |   0.0 |      24 |       0 |   0.0
     Lair:5 |    8171 |   14483 |  63.9 |      40 |      29 |  42.0
      Orc:1 |    2252 |       0 |   0.0 |      29 |       0 |   0.0
      Orc:2 |     956 |    4447 |  82.3 |      21 |      38 |  64.4
            +---------+---------+-------+---------+---------+-------
